 Dungeon Crawl Stone Soup version 0.30.1-4-g462c640d31 (webtiles) character file.

Game seed: 1440215068097172870

47 Almogavar the Conjurer (level 3, 0/19 HPs)
             Began as a Deep Elf Conjurer on Aug 14, 2023.
             Succumbed to an adder's poison
             ... on level 2 of the Dungeon.
             The game lasted 00:03:35 (1306 turns).

Almogavar the Conjurer (Deep Elf Conjurer)          Turns: 1306, Time: 00:03:36

Health: 0/19       AC:  2    Str:  4    XL:     3   Next: 48%
Magic:  10/10      EV: 12    Int: 24    God:
Gold:   50         SH:  0    Dex: 13    Spells: 6/9 levels left

rFire   . . .        (no weapon)
rCold   . . .        (no shield)
rNeg    . . .        a - +0 robe
rPois   .            (no helmet)
rElec   .            (no cloak)
rCorr   .            (no gloves)
SInv    .            (no boots)
Will    .....        (no amulet)
Stlth   ++           (no ring)
HPRegen 0.23/turn    (no ring)
MPRegen 0.12/turn

%: no passive effects
@: mighty, lethally poisoned (0 -> -5)
A: no striking features
a: no special abilities


You were on level 2 of the Dungeon.
You visited 1 branch of the dungeon, and saw 2 of its levels.

You collected 50 gold pieces.

Inventory:

Hand Weapons
 d - a +0 dagger
Armour
 a - a +0 robe (worn)
Scrolls
 c - a scroll of identify {unknown}
 g - 2 scrolls of fear {unknown}


   Skills:
 + Level 2.6 Dodging
 + Level 2.7 Stealth
 + Level 3.6 Spellcasting
 + Level 5.3 Conjurations


You had 6 spell levels left.
You knew the following spells:

 Your Spells              Type           Power      Damage    Failure   Level
a - Magic Dart            Conj           100%       1d8       1%          1
b - Searing Ray           Conj           60%        2d6       1%          2

Your spell library contained the following spells:

 Spells                   Type           Power      Damage    Failure   Level
 Dazzling Flash           Conj/Hex       34%        N/A       10%         3
 Vhi's Electric Charge    Tloc/Air       8%         N/A       30%         3
 Fulminant Prism          Conj/Hex       8%         3d6       32%         4
 Iskenderun's Mystic Bla  Conj/Tloc      17%        2d5       32%         4
 Arcjolt                  Conj/Air       8%         1d18      67%         5
 Anguish                  Hex/Necr       2%         N/A       69%         4
 Cause Fear               Hex            2%         N/A       69%         4
 Plasma Beam              Fire/Air       2%         2x1d13    100%        6
 Enfeeble                 Hex            2%         N/A       100%        7


Dungeon Overview and Level Annotations

Branches:
Dungeon (2/15)

Altars:


Message History

Aim: an adder (wandering, hasn't noticed you, 100% to hit)
The magic dart hits the adder.
The adder is heavily wounded.
The adder hisses angrily.
You open the door.
There is an open door here.
The adder bites you.
You are poisoned.
The adder poisons you!
You feel sick. The adder attacks as you move away!
The adder closely misses you.
You feel sick.
You feel sick. The adder bites you but does no damage.
You feel sick. The adder attacks as you move away!
The adder closely misses you.
You feel sick.
Casting: Magic Dart (safe; 1% risk of failure)
Confirm with . or Enter, or press ? or * to list all spells.
Aiming: Magic Dart (safe; 1% risk of failure)
Press: ? - help, Shift-Dir - straight line, f/p - adder
Aim: an adder (heavily wounded, 100% to hit)
The magic dart hits the adder.
The adder is severely wounded.
You feel sick.
You are no longer poisoned.
The adder barely misses you. The adder bites you. The adder bites you.
You are poisoned.
The adder poisons you!
You feel sick. The adder attacks as you move away! The adder bites you.
You feel sick.
It was a potion of might.
You feel very mighty all of a sudden.
You feel sick. The adder bites you but does no damage. The adder bites you.
* * * LOW HITPOINT WARNING * * *
You are more poisoned.
The adder poisons you! Magic courses through your body.
You die...

. #.# #...... ...
#)#################
..).###.#.............#
........#.###########.#
.........>..........(.#
...#..
..<.#####.#############
....... ... #.# ......#
#########.#
......#####..g.S@.#
#........##.#####.#
#......##.# #.#
#.....##.# #.# #
#.....##g## #.# #.
##..#.....# #.# ...
#.##.....# #.#
..$.#.##.....# #.#
#..)..'.....# #.#


You could see an adder and a goblin.

Vanquished Creatures
  An adder (D:2)
  4 endoplasms
  A giant cockroach (D:1)
  7 goblins
  3 hobgoblins (D:1)
  6 kobolds
  2 quokkas
  2 ball pythons
  5 bats
  3 rats (D:1)
34 creatures vanquished.

Notes
Turn   | Place    | Note
-------+----------+-------------------------------------------
     0 | D:1      | Almogavar the Deep Elf Conjurer began the quest for the
                  | Orb.
     0 | D:1      | Reached XP level 1. HP: 10/10 MP: 6/6
   210 | D:1      | Reached XP level 2. HP: 15/15 MP: 0/8
   475 | D:1      | Reached skill level 5 in Conjurations
   903 | D:2      | Reached XP level 3. HP: 19/19 MP: 6/10
  1280 | D:2      | Learned a level 2 spell: Searing Ray
  1306 | D:2      | Succumbed to an adder's poison

Illustrated notes

Levels and vault maps discovered:
D:1:      dpeg_arrival_signposts, layout_basic
D:2:      layout_basic, ebering_ecumenical_altar_abandoned,
          minmay_randomly_rotated_circles

Skill      XL: |  1  2 |
---------------+-------+-----
Conjurations   | 5 |  5.3
Dodging        | |  2.6
Stealth        | |  2.7
Spellcasting   | |  3.6

Action                     || total
---------------------------++-------
   Cast: Magic Dart        ||    55
         Searing Ray       ||     2
    Use: Scroll            ||     1
         Potion            ||     2
 Armour: Robe              ||     2
  Dodge: Dodged            ||    13
